Map: Torches LE

Players

john - Winner!

  • Race: Terran Terran
  • League: Diamond
  • Spawn Location: 1:00

SaloUronile

  • Race: Terran Terran
  • League: Diamond
  • Spawn Location: 5:00

VOD

Have the link to the VOD?

Description

Time

  • Played on: Aug. 3, 2025, 4:59 p.m.
  • Length: 18:06
Show
View Real Time Build Order
Export as new Build Order

john Terran - Winner!

Build Orders:  

Get SALT Encoding   

  12  0:09  Supply Depot  
  12  0:13  SCV  
  13  0:26  SCV  
  14  0:33  Barracks  
  14  0:44  SCV  
  15  0:56  SCV  
  16  1:08  SCV  
  16  1:10  Refinery x2  
  17  1:24  Marine  
  18  1:25  Orbital Command  
  18  1:42  Marine  
  19  1:52  SCV  
  20  1:56  Factory  
  21  2:05  SCV  
  21  2:06  Barracks Tech Lab  
  21  2:17  SCV  
  22  2:32  Command Center  
  22  2:33  SCV  
  22  2:36  Supply Depot  
  23  2:43  Starport  
  23  2:58  Siege Tank, SCV  
  27  3:10  SCV  
  28  3:13  Supply Depot  
  28  3:18  Engineering Bay  
  28  3:25  Fusion Core  
  28  3:45  Orbital Command  
  28  3:46  Missile Turret  
  28  3:53  Missile Turret  
  28  3:54  SCV  
  29  4:01  Starport Tech Lab  
  29  4:03  Missile Turret  
  29  4:22  Battlecruiser  
  35  4:28  Missile Turret  
  35  4:43  Sensor Tower  
  35  4:47  Siege Tank  
  39  4:52  SCV  
  39  4:53  SCV  
  39  4:54  Missile Turret  
  38  5:16  Marine  
  38  5:33  Marine  
  38  5:43  Command Center  
  38  5:56  Missile Turret  
  38  5:57  Missile Turret  
  35  6:23  SCV x2  
  36  6:30  Marine  
  37  6:35  SCV  
  38  6:50  Missile Turret  
  38  6:52  SCV x2  
  40  6:58  SCV  
  40  7:01  Refinery  
  41  7:04  SCV x2  
  43  7:09  Missile Turret  
  43  7:10  SCV  
  43  7:11  Barracks  
  43  7:14  Barracks Reactor  
  44  7:16  SCV x2  
  44  7:22  SCV  
  47  7:25  Barracks  
  47  7:26  Barracks  
  47  7:28  SCV x2  
  49  7:38  Planetary Fortress  
  49  7:40  SCV  
  50  7:45  SCV  
  50  7:49  Missile Turret  
  51  7:52  SCV  
  51  7:57  SCV  
  51  7:58  Barracks, Starport  
  53  8:04  SCV  
  54  8:09  SCV  
  54  8:12  Missile Turret x2  
  55  8:14  Barracks Tech Lab  
  55  8:17  SCV  
  55  8:18  Command Center  
  56  8:20  Barracks Reactor  
  56  8:21  Marine x2, SCV  
  56  8:24  Barracks Tech Lab  
  56  8:26  SCV  
  60  8:29  SCV  
  60  8:33  SCV  
  62  8:36  Marine  
  62  8:39  Marine x2  
  65  8:42  Stimpack  
  65  8:43  Starport Tech Lab  
  65  8:44  SCV x2  
  65  8:45  Barracks Reactor  
  67  8:48  SCV  
  67  8:49  Missile Turret  
  67  8:50  Marine  
  69  8:57  Missile Turret  
  69  9:04  Supply Depot  
  69  9:08  Combat Shield  
  69  9:17  Refinery x2  
  69  9:21  Sensor Tower  
  69  9:22  Missile Turret  
  69  9:25  Missile Turret, Marine x5, SCV x2  
  76  9:31  Supply Depot  
  76  9:34  Supply Depot  
  76  9:35  Starport  
  76  9:42  Marine x3  
  76  9:43  Missile Turret, Marine x3  
  82  9:57  Marine  
  83  10:01  Marine  
  83  10:03  Battlecruiser  
  89  10:26  Command Center  
  89  10:27  Marine, Siege Tank  
  93  10:51  Supply Depot  
  93  10:55  Command Center  
  93  11:09  Missile Turret  
  93  11:10  Missile Turret  
  93  11:12  Marine x4, Siege Tank, SCV  
  101  11:23  Weapon Refit  
  101  11:32  Marine x3  
  101  11:33  Marine, SCV x2  
  101  11:35  Marine, Supply Depot  
  101  11:36  Supply Depot  
  101  11:37  Marine x3  
  104  11:42  Sensor Tower  
  104  11:43  Missile Turret, Planetary Fortress  
  104  11:45  SCV  
  105  11:50  Marine x3  
  105  11:51  Marine  
  105  11:53  Marine  
  110  11:55  Marine x3  
  113  12:05  Missile Turret  
  110  12:08  Marine x3  
  91  12:16  Marine  
  91  12:20  SCV x2  
  91  12:21  SCV x2  
  94  12:28  Marine, Marauder  
  97  12:34  Missile Turret, Planetary Fortress  
  97  12:36  Command Center  
  97  12:42  Command Center  
  97  12:43  Marine, Marauder, Starport Tech Lab  
  106  12:51  Battlecruiser  
  103  13:07  Marine  
  103  13:09  Marine  
  103  13:10  Concussive Shells  
  103  13:11  Battlecruiser  
  101  13:20  Marine  
  100  13:27  SCV  
  100  13:28  SCV x2  
  100  13:31  Orbital Command  
  100  13:32  Marine  
  100  13:34  SCV  
  105  13:40  Marine, Terran Infantry Weapons Level 1, SCV  
  107  13:45  Missile Turret  
  107  13:46  Engineering Bay, Marine  
  108  13:50  Marine  
  108  13:51  Marine x5, Armory  
  114  13:58  Marine  
  115  14:04  Marine  
  115  14:08  Marine x6  
  122  14:15  Planetary Fortress  
  122  14:16  Marine, SCV x4  
  122  14:17  SCV  
  128  14:22  Marine  
  129  14:26  Marine x6  
  129  14:29  SCV x3  
  129  14:30  SCV  
  139  14:33  SCV x2  
  139  14:34  Marine  
  139  14:35  Refinery  
  139  14:36  Refinery x2  
  142  14:38  Missile Turret  
  142  14:39  Marine  
  142  14:41  Missile Turret, Orbital Command, SCV  
  142  14:43  Marine  
  142  14:44  Marine x2  
  142  14:45  Marauder  
  149  14:54  Missile Turret  
  149  14:58  Marine, SCV  
  151  15:03  SCV  
  151  15:06  Marine  
  151  15:07  Marine x6  
  153  15:08  SCV x2  
  153  15:10  SCV x2  
  153  15:14  Missile Turret, SCV x2  
  165  15:16  Marine  
  165  15:17  Battlecruiser  
  172  15:24  Marine x3  
  172  15:25  Marine x2  
  172  15:28  Refinery  
  177  15:29  Refinery  
  177  15:32  Missile Turret, Supply Depot  
  177  15:34  Missile Turret  
  177  15:36  Missile Turret, Marine, Supply Depot  
  177  15:42  Supply Depot  
  177  15:48  Terran Infantry Weapons Level 2  
  177  15:49  Terran Infantry Armor Level 1  
  177  15:53  Marine x4  
  177  15:54  Missile Turret, Marine x2, SCV x2  
  177  15:56  Supply Depot  
  185  15:58  SCV x5, Marauder  
  185  16:00  Engineering Bay  
  185  16:01  Armory  
  185  16:03  Missile Turret  
  192  16:05  Missile Turret x2  
  192  16:06  SCV x2, Marauder  
  192  16:09  Missile Turret  
  192  16:10  SCV x4  
  200  16:18  Missile Turret  
  187  16:31  Marine  
  181  16:34  Marine  
  181  16:35  Marine x4  
  185  16:40  Marine  
  185  16:41  Marine  
  187  16:49  Marine  
  187  16:51  Battlecruiser x2  
  200  17:03  Supply Depot x2  
  200  17:26  Command Center  
  200  17:28  Missile Turret  
  200  17:30  Refinery x2  
Show
View Real Time Build Order
Export as new Build Order

SaloUronile Terran 

Build Orders: 1/1/1, Liberator Opening 

Get SALT Encoding   

  12  0:01  SCV  
  13  0:13  SCV  
  14  0:17  Supply Depot  
  14  0:25  Refinery  
  14  0:28  SCV  
  15  0:41  Barracks  
  15  0:46  SCV  
  16  0:54  Refinery  
  16  0:58  SCV  
  17  1:11  SCV  
  19  1:28  Barracks Reactor  
  19  1:29  Orbital Command  
  18  1:35  Factory  
  18  1:46  Supply Depot  
  18  1:59  SCV  
  19  2:04  Reaper x2  
  21  2:12  SCV  
  22  2:20  Hellion  
  24  2:23  Starport  
  24  2:25  SCV  
  25  2:31  Supply Depot  
  25  2:38  Reaper x2  
  25  2:41  SCV  
  28  2:48  Hellion  
  30  2:53  Supply Depot  
  30  3:02  Liberator  
  33  3:10  Factory Tech Lab  
  33  3:14  Reaper x2  
  35  3:20  Engineering Bay  
  35  3:25  SCV  
  36  3:37  Siege Tank, SCV  
  40  3:56  Missile Turret  
  40  4:04  Command Center  
  43  4:28  Missile Turret  
  43  4:29  Viking  
  43  4:30  Missile Turret  
  42  4:53  Viking  
  42  4:59  Viking  
  40  5:23  Viking  
  38  5:29  Viking  
  40  5:53  Viking  
  42  5:59  Viking  
  39  6:23  Viking  
  36  6:29  Viking  
  36  6:32  Missile Turret  
  38  6:33  Missile Turret  
  35  6:53  Viking  
  35  6:54  SCV  
  38  7:01  Command Center  
  38  7:06  SCV  
  39  7:18  SCV  
  40  7:24  Orbital Command  
  40  7:31  Command Center  
  40  7:32  Refinery  
  40  7:36  Siege Tank  
  43  7:50  Barracks Reactor  
  43  7:52  Refinery  
  43  7:53  SCV  
  43  7:55  Orbital Command  
  44  8:00  Refinery  
  44  8:05  SCV  
  45  8:09  Liberator  
  45  8:10  Viking  
  50  8:17  SCV  
  51  8:24  Orbital Command  
  51  8:44  Siege Tank  
  51  8:45  Orbital Command  
  54  8:55  Fusion Core  
  54  9:02  SCV x3  
  57  9:13  Starport  
  57  9:14  SCV x3  
  60  9:21  Barracks Tech Lab  
  60  9:24  Siege Tank  
  63  9:33  SCV x2  
  60  9:47  Orbital Command  
  55  10:26  Viking  
  55  10:27  Viking  
  59  10:36  Siege Tank  
  56  11:24  Orbital Command  
  56  11:33  Siege Tank  
  59  11:57  Refinery x2  
  59  11:58  SCV  
  59  11:59  SCV x3  
  42  12:40  Command Center  
  43  12:44  Siege Tank  
  39  13:09  Command Center  
  39  13:10  Liberator  
  42  13:16  Siege Tank  
  42  13:17  Supply Depot  
  44  13:30  Command Center  
  44  13:32  Command Center  
  43  13:43  Armory  
  43  13:50  Siege Tank  
  43  13:52  Factory  
  46  13:57  Orbital Command  
  46  13:58  Factory  
  46  14:02  Barracks Tech Lab  
  46  14:22  Siege Tank  
  49  14:37  SCV x4  
  53  14:51  Orbital Command  
  53  14:56  Siege Tank  
  56  15:16  Thor  
  62  15:21  Planetary Fortress  
  62  15:28  Thor, SCV x3  
  71  15:50  Barracks Tech Lab  
  71  15:55  SCV, Supply Depot  
  71  15:56  SCV x3  
  75  15:57  Refinery  
  75  16:00  Thor x2, Refinery  
  87  16:08  SCV x2  
  89  16:11  Thor  
  81  16:43  Thor, Hellion  
  89  16:54  Thor  
  95  17:04  Thor  
Tags
 
Add a new tag
Caveats
  • Supply blocks, unpowered buildings, or Contaminate may cause inaccurate times.
  • Supply counts are checked every 10 seconds.